 Dungeon Crawl Stone Soup version 0.28-b1-25-g9875b3fc8c (webtiles) character file.

Game seed: 12004502451303622117

48 DildoBatman the Conjurer (level 4, 0/30 HPs)
             Began as a Formicid Conjurer on Feb 1, 2022.
             Slain by a ball python (2 damage)
             ... on level 2 of the Dungeon.
             The game lasted 00:03:36 (1786 turns).

DildoBatman the Conjurer (Formicid Conjurer)        Turns: 1786, Time: 00:03:37

Health: 0/30       AC:  3    Str: 12    XL:     4   Next: 0%
Magic:  4/7        EV:  9    Int: 17    God:
Gold:   76         SH:  0    Dex: 11    Spells: 4/7 levels left

rFire   . . .      SeeInvis +   g - +0 mace
rCold   . . .      Faith    .   (no shield)
rNeg    . . .      Spirit   .   a - +0 robe
rPois   .          Reflect  .   (helmet unavailable)
rElec   .          Harm     .   (no cloak)
rCorr   .          Rampage  .   m - +0 pair of gloves
Will    .....                   (no boots)
Stlth   ++........              (no amulet)
HPRegen 0.10/turn               (no ring)
MPRegen 0.10/turn               (no ring)

@: constricted
A: permanent stasis, dig shafts and tunnels, antennae 3, four strong arms
a: Dig, Shaft Self


You were on level 2 of the Dungeon.
You visited 1 branch of the dungeon, and saw 2 of its levels.

You collected 76 gold pieces.

Inventory:

Hand Weapons
 g - a +0 mace (weapon)
Missiles
 b - 85 stones
 c - 4 javelins
 h - 45 arrows
 n - 4 poisoned darts
Armour
 a - a +0 robe (worn)
 m - a +0 pair of gloves (worn)
Scrolls
 d - 2 scrolls of immolation
 f - a scroll of amnesia {unknown}
 i - a scroll of enchant armour {unknown}
 l - a scroll of holy word {unknown}
Potions
 e - 2 potions of degeneration {unknown}
 j - a potion of brilliance {unknown}
 k - a potion of might {unknown}


   Skills:
 - Level 1.7 Dodging
 - Level 2.4 Stealth
 - Level 2.1 Spellcasting
 * Level 4.8 Conjurations


You had 4 spell levels left.
You knew the following spells:

 Your Spells              Type           Power      Damage    Failure   Level
a - Searing Ray           Conj           36%        2d5       4%          2
c - Magic Dart            Conj           72%        1d6       2%          1

Your spell library contained the following spells:

 Spells                   Type           Power      Damage    Failure   Level
 Dazzling Flash           Conj/Hex       20%        N/A       22%         3
 Call Canine Familiar     Summ           1%         N/A       50%         3
 Portal Projectile        Hex/Tloc       2%         N/A       50%         3
 Fulminant Prism          Conj/Hex       5%         3d7       56%         4
 Iskenderun's Mystic Bla  Conj/Tloc      10%        2d4       56%         4
 Leda's Liquefaction      Hex/Erth       0%         N/A       88%         4


Dungeon Overview and Level Annotations

Branches:
Dungeon (2/15)

Altars:
Ashenzari

Annotations:
D:2 1 runed translucent door, Crazy Yiuf


Innate Abilities, Weirdness & Mutations

You cannot be hasted, slowed, berserked, paralysed or teleported.
You can dig through walls and to a lower floor.
You have a pair of large antennae on your head. (SInv)
Your four strong arms can wield two-handed weapons with a shield.


Message History

The bat hits you. The ball python bites you. The ball python constricts you.
The quokka bites you but does no damage.
The ball python bites you but does no damage.
The ball python constricts you. The quokka barely misses you.
What are your orders? t - Shout!
Orders for allies: a - Attack new target. r - Retreat! s - Stop attacking. g - Guard the area. f - Follow me.
Anything else - Cancel.
You shout for attention!
The bat barely misses you. The ball python closely misses you.
The ball python constricts you. The quokka bites you.
What are your orders? t - Shout!
Orders for allies: a - Attack new target. r - Retreat! s - Stop attacking. g - Guard the area. f - Follow me.
Anything else - Cancel.
You shout for attention!
The bat hits you but does no damage. The ball python closely misses you.
The ball python constricts you.
The quokka bites you but does no damage.
What are your orders? t - Shout!
Orders for allies: a - Attack new target. r - Retreat! s - Stop attacking. g - Guard the area. f - Follow me.
Anything else - Cancel.
You shout for attention!
The bat hits you but does no damage. The quokka barely misses you.
The ball python bites you.
You die...

#.........##.#...# #.
#.........##.#...# ##
#................# #
#........#.......# #
#........#.......######
#........#.............
#........#.............
##########....S........
#....r@b...!.. ##
................ #.
................. #.
...........)...>. #.
.....############ ##
##### ##### #..)# #...#


You could see a quokka, a bat and a ball python.

Vanquished Creatures
  3 dart slugs
  3 bats (D:1)
  4 endoplasms
  A giant cockroach (D:2)
  2 hobgoblins (D:2)
  6 jackals (D:1)
  A quokka (D:2)
  3 ball pythons
  3 frilled lizards (D:1)
  6 goblins (D:1)
  A kobold (D:1)
  7 rats
40 creatures vanquished.

Notes
Turn   | Place    | Note
-------+----------+-------------------------------------------
     0 | D:1      | DildoBatman the Formicid Conjurer began the quest for the
                  | Orb.
     0 | D:1      | Reached XP level 1. HP: 13/13 MP: 3/3
   211 | D:1      | Found a faded altar of an unknown god.
   242 | D:1      | Reached XP level 2. HP: 19/19 MP: 3/5
   245 | D:1      | Learned a level 2 spell: Searing Ray
   267 | D:1      | Reached skill level 4 in Conjurations
   551 | D:1      | Reached XP level 3. HP: 23/24 MP: 3/6
  1199 | D:2      | Found a runed translucent door.
  1200 | D:2      | Noticed Crazy Yiuf
  1440 | D:2      | Found a broken altar of Ashenzari.
  1763 | D:2      | Reached XP level 4. HP: 30/30 MP: 2/7
  1786 | D:2      | Slain by a ball python

Illustrated notes

Levels and vault maps discovered:
D:1:      matt_arrival_refuge, layout_basic, hellmonk_ecumenical_altar_blasted,
          minmay_misc_feat_room, minmay_tetromino_l4
D:2:      layout_basic, basic_altar, uniq_crazy_yiuf_cottage

Skill      XL: |  1  2 |
---------------+-------+-----
Conjurations   | 4 |  4.8
Dodging        | |  1.7
Stealth        | |  2.4
Spellcasting   | |  2.1

Action                   |  1- 3 |  4- 6 || total
-------------------------+-------+-------++-------
Melee: Unarmed           |     4 |       ||     4
       Mace              |    15 |       ||    15
 Cast: Magic Dart        |    31 |       ||    31
       Searing Ray       |     8 |       ||     8
 Stab: Sleeping          |     2 |       ||     2
Armor: Robe              |     7 |    19 ||    26
Dodge: Dodged            |    19 |    33 ||    52
